AoeStats
← maki_mtz

Hill Fort

504584100Analyzed
3v3 RM · 28d ago on Sep 5, 2026· 42m 46s· 6 players
Game mode
Random Map
Map size
Normal (6 player)
Population
200
Speed
Normal
Resources
Standard
Victory
Conquest
Starting age
Dark Age
Ending age
Imperial Age
RankedLock teamsTeams togetherTeam positionsShared explorationLock speedFull tech treeHidden civsTurbo modeCheats
Victory
Defeat
🇲🇽 Mongols · Mexico
1102
+11
🇺🇸 Huns · United States
1080
+12
🇲🇽 Vietnamese · Mexico
1000
+16
🇰🇿 Ethiopians · Kazakhstan
1026
-14
🇲🇽 Teutons · Mexico
990
-13
🇬🇧 Turks · United Kingdom
975
-12
GOGRICHANIN
10:51 Feudal Age
11:35 Double-Bit Axe
11:34 Horse Collar
12:59 Gold Mining
20:49 Wheelbarrow
23:56 Castle Age
22:08 Fletching
22:46 Padded Archer Armor
23:31 Forging
25:08 Bow Saw
24:34 Crossbowman
25:10 Bodkin Arrow
25:22 Thumb Ring
33:21 Stone Mining
34:07 Gold Shaft Mining
39:18 Imperial Age
37:12 Ballistics
37:45 Leather Archer Armor
37:37 Scale Barding Armor
39:21 Heavy Camel Rider
40:33 Bracer
41:03 Hand Cart
41:05 Heavy Plow
41:40 Royal Heirs
alancazu
0:30 Loom
9:31 Feudal Age
10:02 Double-Bit Axe
12:17 Horse Collar
18:11 Castle Age
16:39 Stone Mining
17:45 Gold Mining
Intervento
Pennywise
7:40 Loom
10:26 Feudal Age
17:12 Castle Age
18:28 Double-Bit Axe
18:23 Horse Collar
18:35 Gold Mining
19:51 Wheelbarrow
20:45 Town Watch
23:17 Fletching
25:27 Bow Saw
27:04 Hand Cart
26:53 Heavy Plow
27:01 Stone Mining
28:42 Town Patrol
29:40 Bodkin Arrow
29:56 Forging
31:28 Gold Shaft Mining
32:45 Stone Shaft Mining
34:52 Imperial Age
33:17 Iron Casting
32:43 Padded Archer Armor
32:46 Husbandry
32:57 Bloodlines
34:24 Bloodlines
34:21 Scale Barding Armor
34:36 Nomads
35:06 Leather Archer Armor
34:17 Light Cavalry
34:57 Elite Mangudai
35:40 Murder Holes
35:19 Capped Ram
35:53 Hussar
36:35 Bracer
36:56 Chain Barding Armor
37:04 Parthian Tactics
37:16 Chain Barding Armor
37:50 Drill
37:51 Conscription
38:06 Hoardings
39:04 Chemistry
38:27 Ballistics
38:18 Masonry
39:50 Blast Furnace
38:17 Siege Ram
41:35 Blast Furnace
40:54 Thumb Ring
Charles->
3:13 Loom
12:23 Feudal Age
17:28 Castle Age
15:35 Horse Collar
16:09 Double-Bit Axe
16:28 Stone Mining
17:02 Gold Mining
19:02 Bow Saw
18:56 Heavy Plow
19:09 Bow Saw
21:27 Bloodlines
22:30 Scale Barding Armor
25:24 Wheelbarrow
26:59 Hand Cart
27:12 Town Watch
29:31 Chain Barding Armor
30:41 Forging
32:15 Iron Casting
31:45 Husbandry
33:12 Gold Shaft Mining
33:06 Marauders
36:15 Imperial Age
36:21 Elite Tarkan
37:21 Conscription
37:40 Plate Barding Armor
38:07 Blast Furnace
maki_mtz
6:34 Loom
12:30 Feudal Age
16:31 Castle Age
14:50 Double-Bit Axe
14:47 Horse Collar
19:42 Bow Saw
23:29 Heavy Plow
24:31 Wheelbarrow
25:27 Hand Cart
25:55 Hand Cart
25:59 Forging
29:12 Scale Barding Armor
29:43 Iron Casting
29:08 Gold Mining
29:11 Stone Mining
34:50 Imperial Age
32:51 Chain Barding Armor
32:53 Bloodlines
33:37 Stone Shaft Mining
33:12 Husbandry
34:26 Chatras
35:07 Elite Battle Elephant
36:53 Plate Barding Armor
37:37 Scale Mail Armor
39:03 Padded Archer Armor
38:53 Fletching
39:19 Chain Mail Armor
Connection lost

Rejoining the realm…

Still unreachable

The connection could not be restored.

Session expired

The server has moved on; the page needs a fresh start.